 Dungeon Crawl Stone Soup version 0.32-a0-818-gb728d02 (webtiles) character file.

Game seed: 14985602388139158307

61372 arghonaut the Warrior (level 13, -8/126 HPs)
             Began as a Mountain Dwarf Monk on Mar 24, 2024.
             Was the Champion of Jiyva.
             Shot with an arrow by Nessos (9 damage)
             ... on level 5 of the Lair of Beasts.
             The game lasted 00:33:51 (13039 turns).

arghonaut the Warrior (Mountain Dwarf Monk)        Turns: 13039, Time: 00:33:52

Health: -8/126     AC: 14    Str: 16    XL:     13   Next: 63%
Magic:  13/13      EV: 11    Int: 20    God:    Jiyva [******]
Gold:   1669       SH:  0    Dex: 10    Spells: 12/12 levels left

rFire   + . .        Q - +3 dire flail
rCold   . . .        (shield currently unavailable)
rNeg    . . .        F - +1 scale mail {rF+}
rPois   +            P - +0 helmet
rElec   .            (no cloak)
rCorr   +            (no gloves)
SInv    +            (boots unavailable)
Will    +....        H - amulet of magic regeneration Stlth
                     b - ring of poison resistance
HPRegen 2.01/turn    I - ring of see invisible
MPRegen 1.33/turn

%: no passive effects
@: lethally poisoned (-8 -> -16)
A: runic magic, artefact enchanting, hooves 3, iridescent scales 1, clever 2,
acidic bite, eyeballs 1, gelatinous body 1, tendrils, MP-powered wands, engulf
}: 1/15 runes: slimy
a: Renounce Religion, Oozemancy, Slimify


You were on level 5 of the Lair of Beasts.
You worshipped Jiyva.
Jiyva was exalted by your worship.
You visited 3 branches of the dungeon, and saw 21 of its levels.

You collected 1669 gold pieces.

Inventory:

Hand Weapons
 a - a +0 mace
 E - a +0 flail
 J - a +1 scimitar of flaming
 L - the +9 spear of the Present {freeze, Int+3}
   (You found it on level 9 of the Dungeon)

   Int+3:     It affects your intelligence (+3).
 Q - a +3 dire flail (weapon)
 R - a +1 flail
Missiles
 l - 15 poisoned darts (quivered)
 n - a throwing net
 z - 5 atropa-tipped darts
 A - 4 curare-tipped darts
Armour
 d - an orb of light
 i - the +3 kite shield of Pragmatism {rC- rN+++ Slay-4 Stlth+}
   (You found it on level 7 of the Dungeon)

   Slay-4:    It affects your accuracy & damage with ranged weapons and melee
   (-4).
   rC-:       It makes you vulnerable to cold.
   rN+++:     It renders you almost immune to negative energy.
   Stlth+:    It makes you more stealthy.
 D - a +0 robe of resistance
 F - a +1 scale mail of fire resistance (worn)
 P - a +0 helmet (worn)
 Y - the +0 pair of gloves of Ashenzari's Esteem {Rampage rPois rC+ rCorr}
   (You acquired it on level 10 of the Dungeon)

   rC+:       It protects you from cold.
   rPois:     It protects you from poison.
   rCorr:     It protects you from acid and corrosion.
   Rampage:   It bestows one free step when moving towards enemies.
Jewellery
 b - a ring of poison resistance (left hand)
 H - an amulet of magic regeneration (around neck)
 I - a ring of see invisible (right hand)
Wands
 y - a wand of flame (19)
 C - a wand of polymorph (9)
 O - a wand of mindburst (5)
 V - a wand of acid (4)
Scrolls
 e - 2 scrolls of enchant armour
 m - 3 scrolls of teleportation
 p - 3 scrolls of fear {unknown}
 r - 2 scrolls of silence {unknown}
 s - 2 scrolls of immolation {unknown}
 u - 2 scrolls of enchant weapon {unknown}
 v - a scroll of blinking {unknown}
 x - 4 scrolls of revelation
 B - 3 scrolls of vulnerability {unknown}
 M - a scroll of fog {unknown}
 N - 2 scrolls of amnesia {unknown}
 U - a scroll of poison {unknown}
 W - 3 scrolls of torment {unknown}
 X - 2 scrolls of identify
Potions
 c - a potion of ambrosia
 f - a potion of magic {unknown}
 g - 2 potions of enlightenment {unknown}
 h - 2 potions of degeneration {unknown}
 j - 3 potions of resistance
 q - 2 potions of invisibility {unknown}
 t - a potion of haste {unknown}
 w - 2 potions of lignification {unknown}
 G - a potion of cancellation {unknown}
 K - 2 potions of berserk rage
 S - a potion of mutation {unknown}
 T - a potion of curing {unknown}


   Skills:
 - Level 15.0 Fighting
 - Level 14.0 Maces & Flails
 - Level 5.0 Throwing
 - Level 10.0 Armour
 + Level 5.6 Dodging
 + Level 7.3 Shields
 - Level 8.0 Evocations


You had 12 spell levels left.
You didn't know any spells.
Your spell library contained the following spells:

 Spells                   Type           Power      Damage    Failure   Level
 Kiss of Death            Conj/Necr      0%         2d5       24%         1
 Momentum Strike          Conj/Tloc      0%         3d8       36%         2
 Static Discharge         Conj/Air       0%         3-3/arc   36%         2
 Sublimation of Blood     Necr           0%         N/A       36%         2
 Confusing Touch          Hex            0%         N/A       58%         3
 Dazzling Flash           Conj/Hex       0%         N/A       58%         3
 Hailstorm                Conj/Ice       0%         3d5       58%         3
 Inner Flame              Hex/Fire       0%         N/A       58%         3
 Summon Ice Beast         Ice/Summ       0%         N/A       58%         3
 Swiftness                Air            0%         N/A       58%         3
 Tukima's Dance           Hex            0%         N/A       58%         3
 Volatile Blastmotes      Fire/Tloc      0%         2d10      58%         3
 Animate Dead             Necr           0%         N/A       94%         4
 Dimensional Bullseye     Hex/Tloc       0%         N/A       94%         4
 Dispel Undead            Necr           0%         3d6       94%         4
 Fulminant Prism          Conj/Alch      0%         3d5       94%         4
 Iskenderun's Mystic Bla  Conj/Tloc      0%         2d3       94%         4
 Olgreb's Toxic Radiance  Alch           0%         N/A       94%         4
 Petrify                  Alch/Erth      0%         N/A       94%         4
 Summon Blazeheart Golem  Fire/Summ      0%         N/A       94%         4
 Vhi's Electric Charge    Tloc/Air       0%         N/A       94%         4
 Irradiate                Conj/Alch      0%         3d11      100%        5
 Permafrost Eruption      Ice/Erth       0%         2x4d2     100%        6
 Sculpt Simulacrum        Ice/Alch       0%         N/A       100%        6
 Haunt                    Necr/Summ      0%         N/A       100%        7
 Ozocubu's Refrigeration  Ice            0%         4d7       100%        7
 Discord                  Hex            0%         N/A       100%        8
 Infestation              Necr           0%         N/A       100%        8


Dungeon Overview and Level Annotations

Branches:
Dungeon (11/15)            Temple (0/1) D:6            Lair (5/5) D:11
  Swamp (0/4) Lair:3        Snake (0/4) Lair:2        Slime (5/5) Lair:4
    Orc (0/2) D:9

Altars:
Ashenzari
Uskayaw
Xom
Zin
The Shining One
Beogh
Jiyva

Shops:
D:9 [   D:10 [

Annotations:
D:4 2 transporters, december12's ghost, amateur BaAr
D:9 3 runed translucent doors, ksj2083's ghost, novice MfGl
D:11 2 transporters, korenl137's ghost, journeyman KoEn
Lair:4 1 runed translucent door
Lair:5 Nessos
Slime:5 Royal Jelly


Innate Abilities, Weirdness & Mutations

Your spellcasting is much less encumbered by armour.
You can use scrolls of enchantment on lesser artefacts.
You have hooves in place of feet.
You are partially covered in iridescent scales. (AC +2)
Your mind is very acute. (Int +8, Str/Dex -2)
You have acidic saliva.
Your body has grown eyes which may confuse attackers. (Acc +3)
Your rubbery body absorbs attacks. (AC +1, EV +1)
You are covered in slimy tendrils that may disarm your opponents.
You expend magic power (3 MP) to strengthen your wands.
Your melee attacks may engulf your foes in ooze.


Message History

* * * LOW HITPOINT WARNING * * *
The arrow burns you.
You are lethally poisoned!
* * * LOW HITPOINT WARNING * * *
You hear a loud, deep croak!
You see here the kobold corpse of Sonja.
You feel much better.
You feel extremely sick.
Nessos shoots an arrow.
The arrow hits you!
* * * LOW HITPOINT WARNING * * *
The arrow burns you.
You are lethally poisoned!
* * * LOW HITPOINT WARNING * * *
Nessos shoots an arrow.
The arrow barely misses you.
Okay, then.
Okay, then.
You feel much better.
You feel extremely sick.
Nessos shoots an arrow.
The arrow hits you!
* * * LOW HITPOINT WARNING * * *
* * * LOW HITPOINT WARNING * * *
You feel extremely sick.
Nessos casts a spell.
Nessos blinks!
A blink frog comes into view.
You hear a slurping noise.
Nessos shoots an arrow.
The arrow hits you!
* * * LOW HITPOINT WARNING * * *
The arrow burns you.
* * * LOW HITPOINT WARNING * * *
You hear a slurping noise.
There is a stone staircase leading up, spattered with blood here.
Okay, then.
* * * LOW HITPOINT WARNING * * *
You feel extremely sick.
The blink frog croaks.
You hear a loud, deep croak!
Nessos shoots an arrow.
The arrow barely misses you.
Nessos shoots an arrow.
The arrow hits you!
You die...
Jiyva sends a jelly to digest your remains.

..............~≈~~!..
.#.............~≈≈~~.≈
...............~≈≈≈~≈≈
...............~≈≈~≈≈≈
................~~≈≈≈≈
................~~~≈≈≈
..................≈~~~
F.....................
c......@.........P....
.F.....J÷.....####...
.......PP).#### ..
.......##...#
.......[......#
.................
........ß.........
.ß................
.....ß...........


You could see Nessos (fast), 2 blink frogs and a neutral azure jelly (wandering)
(fellow slime).

Vanquished Creatures
  3 hydras
  Erica (D:8)
  2 boulder beetles
  10 death yaks
  An alligator (Lair:3)
  Sonja (Lair:5)
  2 skysharks
  A manticore (D:8)
  14 elephants
  3 black mambas
  2 centaur zombies (D:11)
  A torpor snail (Lair:2)
  9 cane toads
  2 centaur skeletons (D:11)
  4 komodo dragons
  A kobold demonologist (D:11)
  A rime drake (Lair:1)
  12 blink frogs
  A hornet (Lair:3)
  A spectral meliai (D:11)
  3 wyverns
  34 yaks
  A human (Lair:4)
  A basilisk (Lair:3)
  Grum (D:8)
  2 steam dragons
  3 vampire mosquitoes (D:10)
  2 acid dragons
  14 water moccasins
  3 ice beasts
  A black bear (D:4)
  2 sky beasts (D:7)
  12 wolves
  5 centaurs
  A kobold brigand (D:6)
  12 bullfrogs
  2 gnoll sergeants
  5 scorpions
  8 wights
  5 killer bees (D:10)
  4 bombardier beetles
  A crimson imp (D:3)
  8 orc priests
  A gnoll bouda (D:7)
  3 hounds
  3 iguanas
  6 orc wizards
  11 gnolls
  6 adders
  A shadow imp (D:6)
  3 white imps
  3 dart slugs
  16 orcs
  4 ball pythons
  4 bats
  An endoplasm (D:2)
  3 giant cockroaches
  7 goblins
  4 hobgoblins
  2 jackals (D:3)
  2 quokkas
  4 frilled lizards
  2 goblin skeletons (D:3)
  A goblin zombie (D:3)
  5 kobolds
  3 kobold skeletons (D:3)
  4 kobold zombies (D:3)
  An orc zombie (D:3)
  2 rats
304 creatures vanquished.

Vanquished Creatures (collateral kills)
  Menkaure (D:7)
  An ogre (D:5)
  An iguana (D:5)
3 creatures vanquished.

Vanquished Creatures (others)
  A skyshark (Lair:5)
  A cane toad (Lair:5)
  A water moccasin (Lair:3)
  A centaur (D:10)
  3 bullfrogs
  A killer bee (D:10)
  50 jellies
  A hound (D:6)
  An iguana (D:5)
  An adder (D:6)
  A shadow imp (D:6)
  A ribbon worm (D:5)
  7 orcs
  An endoplasm (D:4)
71 creatures vanquished.

Grand Total: 378 creatures vanquished

Notes
Turn   | Place    | Note
-------+----------+-------------------------------------------
     0 | D:1      | arghonaut the Mountain Dwarf Monk began the quest for the
                  | Orb.
     0 | D:1      | Reached XP level 1. HP: 19/19 MP: 1/1
   333 | D:1      | Reached XP level 2. HP: 26/26 MP: 2/2
   881 | D:2      | Reached skill level 4 in Fighting
   881 | D:2      | Reached XP level 3. HP: 33/33 MP: 3/3
   882 | D:2      | Found a faded altar of an unknown god.
  1017 | D:2      | Prayed at the altar of an unknown god.
  1017 | D:2      | Became a worshipper of Jiyva Jecesk the Shapeless
  1017 | D:2      | Reached * piety under Jiyva
  1017 | D:2      | Reached ** piety under Jiyva
  1059 | D:2      | Reached *** piety under Jiyva
  1107 | D:2      | Found a broken altar of Ashenzari.
  1409 | D:3      | Reached XP level 4. HP: 41/41 MP: 4/4
  1491 | D:3      | Found a glowing golden altar of the Shining One.
  1512 | D:3      | Reached skill level 5 in Maces & Flails
  1606 | D:3      | Reached skill level 5 in Fighting
  1606 | D:3      | Reached XP level 5. HP: 47/48 MP: 5/5
  1871 | D:3      | Found a roughly hewn altar of Beogh.
  1997 | D:4      | Reached **** piety under Jiyva
  1997 | D:4      | Gained mutation: Your mind is acute. (Int +4, Str/Dex -1)
                  | [Jiyva's grace]
  1997 | D:4      | Gained mutation: Your mind is very acute. (Int +8, Str/Dex
                  | -2) [Jiyva's grace]
  1997 | D:4      | Gained mutation: You have an increased reservoir of magic.
                  | (+10% MP) [Jiyva's grace]
  1997 | D:4      | Gained mutation: You have a considerably increased
                  | reservoir of magic. (+20% MP) [Jiyva's grace]
  2013 | D:4      | Reached XP level 6. HP: 38/56 MP: 7/7
  2069 | D:4      | Noticed december12's ghost (amateur BaAr)
  2075 | D:4      | Found a transporter.
  2095 | D:4      | HP: 2/56 [adder (2)]
  2259 | D:4      | Reached skill level 6 in Fighting
  2259 | D:4      | Reached XP level 7. HP: 14/64 MP: 8/8
  2352 | D:4      | Found a transporter.
  2541 | D:5      | Entered Level 5 of the Dungeon
  2593 | D:5      | Reached skill level 7 in Fighting
  2778 | D:5      | Reached skill level 8 in Fighting
  2785 | D:5      | Reached skill level 1 in Armour
  2785 | D:5      | Reached XP level 8. HP: 17/74 MP: 9/9
  2895 | D:5      | Reached skill level 1 in Throwing
  3013 | D:5      | Reached ***** piety under Jiyva
  3130 | D:5      | Found a hide-covered altar of Uskayaw.
  3131 | D:5      | Found a glowing silver altar of Zin.
  3131 | D:5      | Found a shimmering altar of Xom.
  3145 | D:5      | Reached skill level 1 in Evocations
  3540 | D:6      | Found a staircase to the Ecumenical Temple.
  4058 | D:6      | Lost mutation: Your mind is very acute. (Int +8, Str/Dex
                  | -2) [Jiyva's grace]
  4058 | D:6      | Gained mutation: Your rubbery body absorbs attacks. (AC +1,
                  | EV +1) [Jiyva's grace]
  4058 | D:6      | Gained mutation: Your pliable body absorbs attacks. (AC +2,
                  | EV +2) [Jiyva's grace]
  4058 | D:6      | Gained mutation: Your gelatinous body deflects attacks. (AC
                  | +3, EV +3) [Jiyva's grace]
  4058 | D:6      | Gained mutation: Your body has grown eyes which may confuse
                  | attackers. (Acc +3) [Jiyva's grace]
  4795 | D:7      | Identified the +3 kite shield of Pragmatism {rC- rN+++
                  | Slay-4 Stlth+}
  4855 | D:7      | Reached ****** piety under Jiyva
  4929 | D:7      | Noticed Menkaure
  4937 | D:7      | Killed Menkaure
  4938 | D:7      | Reached XP level 9. HP: 46/81 MP: 10/10
  5126 | D:8      | Noticed Grum
  5408 | D:8      | Killed Grum
  5422 | D:8      | Reached skill level 5 in Armour
  5552 | D:8      | Noticed Erica
  5584 | D:8      | Killed Erica
  5585 | D:8      | Reached skill level 5 in Evocations
  5658 | D:8      | Noticed a manticore
  5676 | D:8      | Killed a manticore
  5821 | D:8      | Lost mutation: Your gelatinous body deflects attacks. (AC
                  | +3, EV +3) [Jiyva's grace]
  5821 | D:8      | Gained mutation: You are partially covered in iridescent
                  | scales. (AC +2) [Jiyva's grace]
  5821 | D:8      | Gained mutation: You are mostly covered in iridescent
                  | scales. (AC +4) [Jiyva's grace]
  5821 | D:8      | Gained mutation: You are completely covered in iridescent
                  | scales. (AC +6) [Jiyva's grace]
  5821 | D:8      | Gained mutation: You have sharp toenails. [Jiyva's grace]
  5839 | D:8      | Found a broken altar of Ashenzari.
  6059 | D:9      | Reached XP level 10. HP: 88/88 MP: 12/12
  6144 | D:9      | Identified the +9 spear of the Present {freeze, Int+3}
  6174 | D:9      | Got Sif Muna's Compendium of the Coals and the Birds
  6232 | D:9      | Found Imoucustiaff's Antique Armour Boutique.
  6249 | D:9      | Found a runed translucent gate.
  6249 | D:9      | Noticed ksj2083's ghost (novice MfGl)
  6250 | D:9      | Found a runed translucent gate.
  6251 | D:9      | Found a runed translucent gate.
  6534 | D:9      | Found a staircase to the Orcish Mines.
  6746 | D:9      | Found a roughly hewn altar of Beogh.
  6746 | D:9      | Identified the +6 ring mail of the Black Moon {rPois Int+5
                  | Dex-2 Stlth+}
  6801 | D:10     | Entered Level 10 of the Dungeon
  7120 | D:10     | Identified 2 scrolls of acquirement
  7246 | D:10     | Reached skill level 9 in Fighting
  7288 | D:10     | Found Yvarorul's Armour Boutique.
  7464 | D:11     | Lost mutation: You have a considerably increased reservoir
                  | of magic. (+20% MP) [Jiyva's grace]
  7464 | D:11     | Lost mutation: Your pliable body absorbs attacks. (AC +2,
                  | EV +2) [Jiyva's grace]
  7464 | D:11     | Gained mutation: You have acidic saliva. [Jiyva's grace]
  7464 | D:11     | Gained mutation: Your mind is very acute. (Int +8, Str/Dex
                  | -2) [Jiyva's grace]
  7464 | D:11     | Gained mutation: Your spells are a little harder to cast,
                  | but a little more powerful. [Jiyva's grace]
  7464 | D:11     | Gained mutation: Your spells are harder to cast, but more
                  | powerful. [Jiyva's grace]
  7604 | D:11     | Found a transporter.
  7605 | D:11     | Found a transporter.
  7605 | D:11     | Noticed korenl137's ghost (journeyman KoEn)
  7605 | D:11     | Noticed a two-headed ogre
  7605 | D:11     | Noticed a two-headed ogre
  7605 | D:11     | Noticed a two-headed ogre
  7630 | D:11     | Noticed a rust devil
  7638 | D:11     | Noticed a rust devil
  7640 | D:11     | Reached skill level 5 in Throwing
  7678 | D:11     | Reached skill level 10 in Fighting
  7688 | D:11     | Reached XP level 11. HP: 69/100 MP: 12/12
  7855 | D:11     | Found a staircase to the Lair.
  7955 | Lair:1   | Entered Level 1 of the Lair of Beasts
  8046 | Lair:1   | Noticed a death yak
  8046 | Lair:1   | Noticed a death yak
  8047 | Lair:1   | Noticed a death yak
  8047 | Lair:1   | Noticed a death yak
  8086 | Lair:1   | Killed a death yak
  8087 | Lair:1   | Reached skill level 11 in Fighting
  8103 | Lair:1   | Killed a death yak
  8108 | Lair:1   | Killed a death yak
  8109 | Lair:1   | Reached skill level 12 in Fighting
  8235 | Lair:1   | Identified the +7 rapier of the Mordant God {antimagic,
                  | rPois rF- Will++}
  8344 | Lair:1   | Killed a death yak
  8583 | Lair:1   | Reached skill level 13 in Fighting
  8918 | Lair:2   | Noticed a death yak
  8918 | Lair:2   | Noticed a death yak
  8918 | Lair:2   | Noticed a death yak
  8918 | Lair:2   | Noticed a death yak
  8918 | Lair:2   | Noticed a death yak
  8951 | Lair:2   | Found a staircase to the Snake Pit.
  9041 | Lair:2   | Reached XP level 12. HP: 115/115 MP: 13/13
  9076 | Lair:2   | Reached skill level 14 in Fighting
  9424 | Lair:2   | Killed a death yak
  9425 | Lair:2   | Reached skill level 15 in Fighting
  9748 | Lair:2   | Lost mutation: You have sharp toenails. [Jiyva's grace]
  9748 | Lair:2   | Lost mutation: You are completely covered in iridescent
                  | scales. (AC +6) [Jiyva's grace]
  9748 | Lair:2   | Lost mutation: You are mostly covered in iridescent scales.
                  | (AC +4) [Jiyva's grace]
  9748 | Lair:2   | Lost mutation: Your mind is very acute. (Int +8, Str/Dex
                  | -2) [Jiyva's grace]
  9748 | Lair:2   | Lost mutation: You have an increased reservoir of magic.
                  | (+10% MP) [Jiyva's grace]
  9748 | Lair:2   | Lost mutation: Your spells are harder to cast, but more
                  | powerful. [Jiyva's grace]
  9748 | Lair:2   | Gained mutation: Your melee attacks may engulf your foes in
                  | ooze. [Jiyva's grace]
  9748 | Lair:2   | Gained mutation: You have a small jelly attached to you
                  | that senses nearby items. [Jiyva's grace]
  9748 | Lair:2   | Gained mutation: You expend magic power (3 MP) to
                  | strengthen your wands. [Jiyva's grace]
  9748 | Lair:2   | Gained mutation: You are covered in slimy tendrils that may
                  | disarm your opponents. [Jiyva's grace]
  9879 | Lair:2   | Noticed a death yak
  9898 | Lair:2   | Killed a death yak
  9907 | Lair:2   | Killed a death yak
  9928 | Lair:2   | Killed a death yak
  9940 | Lair:2   | Killed a death yak
  9952 | Lair:2   | Killed a death yak
  9985 | Lair:2   | Reached skill level 10 in Armour
 10303 | Lair:3   | Noticed a five-headed hydra
 10316 | Lair:2   | Killed a five-headed hydra
 10317 | Lair:2   | Reached skill level 1 in Shields
 10406 | Lair:3   | Reached XP level 13. HP: 50/126 MP: 13/13
 10787 | Lair:3   | Found a staircase to the Swamp.
 11304 | Lair:3   | Reached skill level 5 in Shields
 11706 | Lair:4   | Lost mutation: Your spells are a little harder to cast, but
                  | a little more powerful. [Jiyva's grace]
 11706 | Lair:4   | Lost mutation: You have a small jelly attached to you that
                  | senses nearby items. [Jiyva's grace]
 11706 | Lair:4   | Gained mutation: Your mind is very acute. (Int +8, Str/Dex
                  | -2) [Jiyva's grace]
 11706 | Lair:4   | Gained mutation: You have large cloven feet. [Jiyva's
                  | grace]
 11706 | Lair:4   | Gained mutation: You have hoof-like feet. [Jiyva's grace]
 11706 | Lair:4   | Gained mutation: You have hooves in place of feet. [Jiyva's
                  | grace]
 11836 | Lair:4   | Found a viscous altar of Jiyva.
 11836 | Lair:4   | Found a staircase to the Slime Pits.
 11842 | Slime:1  | Entered Level 1 of the Pits of Slime
 11843 | Slime:1  | Noticed an azure jelly
 11849 | Slime:2  | Noticed an acid blob
 11849 | Slime:2  | Noticed a rockslime
 11863 | Slime:3  | Noticed an acid blob
 11864 | Slime:3  | Noticed an acid blob
 11866 | Slime:3  | Noticed a rockslime
 11867 | Slime:4  | Noticed an acid blob
 11874 | Slime:5  | Entered Level 5 of the Pits of Slime
 11881 | Slime:5  | Noticed a quicksilver ooze
 11883 | Slime:5  | Noticed an acid blob
 11884 | Slime:5  | Noticed a quicksilver ooze
 11884 | Slime:5  | Noticed a rockslime
 11885 | Slime:5  | Noticed a quicksilver ooze
 11890 | Slime:5  | Noticed a rockslime
 11891 | Slime:5  | Noticed a rockslime
 11894 | Slime:5  | Noticed an acid blob
 11899 | Slime:5  | Noticed an acid blob
 11914 | Slime:5  | Noticed a rockslime
 11915 | Slime:5  | Noticed an acid blob
 11940 | Slime:5  | Noticed an acid blob
 11941 | Slime:5  | Noticed an acid blob
 11968 | Slime:5  | Noticed an acid blob
 12009 | Slime:5  | Noticed an acid blob
 12011 | Slime:5  | Noticed a formless jellyfish
 12013 | Slime:5  | Noticed a formless jellyfish
 12013 | Slime:5  | Noticed a formless jellyfish
 12118 | Slime:5  | Noticed a quicksilver ooze
 12118 | Slime:5  | Noticed a rockslime
 12127 | Slime:5  | Noticed a rockslime
 12129 | Slime:5  | Noticed an azure jelly
 12131 | Slime:5  | Noticed a quicksilver ooze
 12135 | Slime:5  | Found a viscous altar of Jiyva.
 12139 | Slime:5  | Noticed a rockslime
 12139 | Slime:5  | Noticed the Royal Jelly
 12151 | Slime:5  | Identified the staff of Cheibriados, Charming {*Slow rElec
                  | rF++ rC+ Hexes Air}
 12156 | Slime:5  | Got a slimy rune of Zot
 12158 | Slime:5  | Got a starry gem with 286 turns to spare
 12161 | Slime:5  | Got Ivvouhump's Secrets of the Scorched Shot
 12165 | Slime:5  | Identified the +4 scimitar of Ceun Zei {freeze, rC++}
 12273 | Slime:5  | Noticed an acid blob
 12368 | Lair:4   | Reached skill level 5 in Dodging
 12555 | Lair:4   | Found a runed translucent door.
 12556 | Lair:4   | Noticed a reaper
 12704 | Lair:4   | Acquired the +0 pair of gloves of Ashenzari's Esteem
                  | {Rampage rPois rC+ rCorr}
 12706 | Lair:4   | Acquired 530 gold pieces
 12730 | Lair:5   | Entered Level 5 of the Lair of Beasts
 12795 | Lair:5   | Noticed Sonja
 12929 | Lair:5   | Killed Sonja
 13026 | Lair:5   | a skyshark changed into an azure jelly
 13026 | Lair:5   | Noticed an azure jelly
 13033 | Lair:5   | Noticed Nessos
 13038 | Lair:5   | HP: 6/126 [Nessos/arrow (1)]
 13039 | Lair:5   | HP: 1/126 [poisoned by Nessos]
 13039 | Lair:5   | Shot with an arrow by Nessos

Illustrated notes

Levels and vault maps discovered:
D:1:      wander_arrival_chamber, layout_basic, hangedman_decor_diamond_cutter
D:2:      layout_basic, basic_altar, shapermc_ecumenical_altar_starsandcircs,
          eino_curves_01, minmay_split_cup_large
D:3:      layout_basic, nicolae_tso_besieged_by_evil, kennysheep_orc_chapel
D:4:      layout_basic, gammafunk_ghost_arena
D:5:      layout_basic, chequers_temple_overflow_statue_of_worship,
          grunt_ministairs_11, nicolae_letterblocks [nicolae_letter_subblock,
          nicolae_letter_subblock, nicolae_letter_subblock,
          nicolae_letter_subblock, nicolae_letter_subblock,
          nicolae_letter_subblock, nicolae_letter_subblock,
          nicolae_letter_subblock, nicolae_letter_subblock,
          nicolae_letter_subblock, nicolae_letter_subblock,
          nicolae_letter_subblock, nicolae_letter_subblock,
          nicolae_letter_subblock, nicolae_letter_subblock,
          nicolae_letter_subblock, nicolae_letter_subblock,
          nicolae_letter_subblock, nicolae_letter_subblock,
          nicolae_letter_subblock, nicolae_letter_subblock,
          nicolae_letter_subblock, nicolae_letter_subblock,
          nicolae_letter_subblock, nicolae_letter_subblock]
D:6:      layout_loops_corners, minmay_temple_entry_trees, minmay_between
D:7:      layout_loops_ring, uniq_menkaure
D:8:      layout_cave_pools, ashenzari_altar_1, hangedman_abyss_or_decor_stabs,
          minmay_misc_feat_hallway, uniq_erica, uniq_grum
D:9:      layout_basic, orc_0_dummy, biasface_ghost_orc_armoury, serial_shops,
          nicolae_shop_real_fake_doors
D:10:     layout_basic, serial_shops, nicolae_shop_rolling_square
D:11:     layout_rooms, lair_entry_dummy, gammafunk_ghost_smash,
          hangedman_weighted_door
Lair:1:   layout_regular_city, minivault_25, grunt_megastairs_1,
          serial_bayou_shore_b, infiniplex_staircase_pool_2
Lair:2:   layout_gridlike, dummy_snake_entry
Lair:3:   layout_long_grid, mainiacjoe_swamp_entry_lozenge_pond,
          grunt_megastairs_5
Lair:4:   hellmonk_ruined_rings, layout_misc_corridors,
          dpeg_slime_entry_enclosed, pdpol_lair_cabin_in_the_woods
Lair:5:   evilmike_catoblepas_cave, layout_gridlike, st_stairs_13,
          bobbens_dragon_lair_wall, serial_bayou_shore_a,
          infiniplex_staircase_pool, uniq_nessos, uniq_sonja
Slime:1:  layout_caves
Slime:2:  layout_caves
Slime:3:  layout_caves
Slime:4:  layout_caves
Slime:5:  slime_pit_nicolae_royal_road_to_ruin

Skill      XL: |  1  2  3  4  5  6  7  8  9 10 11 12 13 |
---------------+----------------------------------------+-----
Maces & Flails | 4 5 7 8 9 12 14 | 14.0
Fighting       | 4 5 6 8 10 13 15 | 15.0
Armour         | 1 4 5 8 10 | 10.0
Throwing       | 3 5 |  5.0
Evocations     | 3 5 8 |  8.0
Shields        | 2 7 |  7.3
Dodging        | 5 |  5.6

Action                     |  1- 3 |  4- 6 |  7- 9 | 10-12 | 13-15 || total
---------------------------+-------+-------+-------+-------+-------++-------
  Melee: Mace              |    75 |   199 |   222 |       |       ||   496
         Flail             |       |       |   105 |   166 |       ||   271
         Kick              |       |       |     6 |   282 |    29 ||   317
         Dire flail        |       |       |       |   597 |   248 ||   845
         Bite              |       |       |       |   100 |    44 ||   144
  Throw: Dart              |       |       |    24 |       |     7 ||    31
 Invoke: Slimify           |       |       |       |       |     1 ||     1
  Evoke: Wand              |       |       |     5 |       |       ||     5
    Use: Potion            |       |     1 |       |     2 |     2 ||     5
         Scroll            |       |       |       |     7 |     2 ||     9
   Stab: Confused          |       |       |     2 |     6 |     1 ||     9
 Armour: Robe              |     8 |       |       |       |       ||     8
         Scale mail        |    52 |   197 |   280 |   519 |   252 ||  1300
  Dodge: Dodged            |    59 |   100 |   171 |   304 |   149 ||   783

Table legend: (Time is in decaauts)
 A = Elapsed time spent in this place.
 B = Non-inter-level travel time spent in this place.
 C = Inter-level travel time spent in this place.
 D = Time resting spent in this place.
 E = Time spent auto-exploring this place.
 F = Levels seen in this place.
 G = Mean time per level.
                   A        B        C        D        E       F      G
               +--------+--------+--------+--------+--------+-----+--------+
         Total |  12728 |  12141 |    587 |    666 |   8593 |  21 |  606.1 |
       Dungeon |   7913 |   7628 |    285 |    295 |   5605 |  11 |  719.4 |
          Lair |   4323 |   4097 |    226 |    371 |   2741 |   5 |  864.6 |
    Slime Pits |    491 |    416 |     75 |      0 |    247 |   5 |   98.2 |
               +--------+--------+--------+--------+--------+-----+--------+

Top non-repeatable levels by time:
  Lair:2: 1257 daAuts
  Lair:4: 1076 daAuts
     D:5: 968 daAuts
  Lair:3: 941 daAuts
     D:6: 937 daAuts
  Lair:1: 920 daAuts
     D:7: 859 daAuts
     D:9: 800 daAuts
     D:1: 762 daAuts
     D:3: 698 daAuts
     D:8: 682 daAuts
    D:10: 625 daAuts
     D:2: 603 daAuts
     D:4: 514 daAuts
    D:11: 461 daAuts
